[Event "GER-ch Youth-U16 2022"]
[Site "Willingen"]
[Date "2022.06.10"]
[Round "8.2"]
[White "Bakiev, Diyor"]
[Black "Laux, Dominik"]
[Result "1/2-1/2"]
[ECO "B51"]
[WhiteElo "2157"]
[BlackElo "2263"]
[Annotator "TA"]
[PlyCount "102"]
[EventDate "2022.06.05"]
[EventType "swiss"]
[EventRounds "9"]
[EventCountry "GER"]
[SourceTitle "playchess.com"]
[Source "ChessBase"]
[SourceQuality "1"]
[TimeControl "40/4500+30:900+30"]

1. e4 c5 2. Nf3 d6 3. Bb5+ Nd7 4. O-O a6 5. Bd3 Ngf6 6. Re1 {[%emt 0:00:00] B51: Sicilian: Moscow Variation (3 Bb5+) without 3...Bd7.} e6 7. c3 b5 8. Bc2 c4 9. d4 cxd3 $1 10. Qxd3 Bb7 11. a4 Nc5 12. Qe2 bxa4 13. Bxa4+ (13. e5 {is interesting.} dxe5 14. Nxe5 Qd5 15. Qf1) 13... Nxa4 14. Rxa4 Be7 15. Rd4 {[%emt 0:04:53] [#]} Qb8 $146 ({Predecessor:} 15... Qc7 16. c4 e5 17. Rdd1 Nxe4 18. Nbd2 Nxd2 19. Bxd2 O-O 20. Ng5 Rac8 21. b3 Rfe8 {0-1 (49) Khalafova,N (2279)-Rakotomaharo,F (2422) Chess.com INT 2020}) 16. e5 dxe5 17. Nxe5 O-O 18. Bg5 Qc7 {[%emt 0:06:32] Prevents Nd7.} 19. Bxf6 Bxf6 20. Rc4 Qxe5 (20... Qd8 {feels hotter.} 21. Rd4 Qa5 22. Rd7 Qb6) 21. Qxe5 Bxe5 22. Rxe5 Rfd8 {[%emt 0:00:16] [#] ( -> ...Rd1+)} 23. Re1 {[%emt 0:02:16] Prevents Rd1.} a5 24. f3 Rab8 25. Rc5 Ba8 (25... Rd5 $5 26. Rc7 Ba6 $15) 26. Na3 {[%emt 0:06:21] The position is equal.} Rxb2 27. Nc4 Rc2 28. Nxa5 g6 29. Nb3 {[%emt 0:01:09] Prevents Rdd2.} Bb7 30. Nd4 Rd2 31. Rc7 Ba6 32. Ra1 Rb8 {[%emt 0:02:04][%cal Ob8b2] [#] ...Rbb2! is the strong threat.} 33. Ra7 Bd3 {[%emt 0:02:40] Strongly threatening ...Rbb2.} 34. Ra8 Rxa8 35. Rxa8+ $11 {[%emt 0:00:01][%mdl 4096] Endgame KRB-KRN} Kg7 36. Rd8 Kf6 37. Nb3 Rd1+ 38. Kf2 Ke7 39. Rd4 e5 40. Rb4 h5 41. h4 Kd6 42. Rb8 f5 43. g3 Rf1+ 44. Kg2 {[%emt 0:02:51] aiming for Rd8+.} Rb1 45. Rd8+ Ke7 46. Rxd3 {[%emt 0:00:10] Hoping for Nd2.} Rxb3 {[%emt 0:00:05] KR-KR} 47. Rd5 Ke6 48. Rc5 Kd6 49. Rc8 Rb2+ 50. Kf1 Kd5 51. Rg8 Rb6 {[%emt 0:02:14] An interesting draw.  Weighted Error Value: White=0.03 (flawless) /Black=0.02 (flawless)} 1/2-1/2

[Event "GER-ch Youth-U16 2022"]
[Site "Willingen"]
[Date "2022.06.10"]
[Round "8.3"]
[White "Ohler, Julius"]
[Black "Petrovskyi, Vadym"]
[Result "0-1"]
[ECO "A15"]
[WhiteElo "2011"]
[BlackElo "2330"]
[Annotator "TA"]
[PlyCount "64"]
[EventDate "2022.06.05"]
[EventType "swiss"]
[EventRounds "9"]
[EventCountry "GER"]
[SourceTitle "playchess.com"]
[Source "ChessBase"]
[SourceQuality "1"]
[TimeControl "40/4500+30:900+30"]

1. c4 Nf6 2. g3 g6 3. Bg2 Bg7 4. Nc3 O-O 5. d3 d6 6. Nf3 e5 7. e4 Nc6 8. O-O Nd7 {[%emt 0:05:52] A26: English Opening vs King's Indian with ...Nc6 and d3.} 9. Bg5 f6 10. Be3 f5 {[%emt 0:11:32] White has an edge.} 11. exf5 gxf5 12. Ng5 Nf6 {[%emt 0:02:49] [#]} 13. c5 $146 {[%emt 0:03:03] [#] Threatens to win with cxd6.} ({Predecessor:} 13. Qb3 Kh8 14. h3 h6 15. Nf3 Nh5 16. Nh4 Kh7 17. Qd1 Nf6 18. f4 Nd4 19. Ne2 Nxe2+ 20. Qxe2 {1-0 (31) Colijn,S (2075)-Baekelant,E (1970) Brasschaat 2007}) 13... d5 {[%emt 0:06:27] ...h6 is the strong threat.} 14. d4 $2 (14. Bd2 $11 {and White stays safe.}) 14... exd4 $19 15. Bxd4 Nxd4 16. Qxd4 Ne4 $1 17. Qxd5+ Qxd5 18. Nxd5 Nxg5 19. Nxc7 Rb8 20. Rad1 Bxb2 21. Rb1 {[%emt 0:00:41] [#]} Be5 22. Nb5 a6 23. Na7 (23. Nd6 $142) 23... Ne4 {[%emt 0:01:34] Strongly threatening ...Be6.} 24. Bxe4 fxe4 25. Nxc8 Rfxc8 ({Don't go for} 25... Rbxc8 $2 26. Rxb7 Rxc5 27. Re1 $19) 26. Rfe1 Rxc5 27. Rxe4 b5 28. a4 Bc3 29. Re6 $2 (29. axb5 axb5 30. Kg2) 29... b4 {[%emt 0:00:38] Black is clearly winning.} 30. Rxa6 b3 31. Re6 b2 32. Re2 Bg7 {[%emt 0:00:21] Black took control after the opening.  Weighted Error Value: White=0.58/Black=0.07 (flawless)} 0-1

[Event "GER-ch Youth-U16 2022"]
[Site "Willingen"]
[Date "2022.06.10"]
[Round "8.4"]
[White "Sidletskyi, Ivan"]
[Black "Farokhi, Keyvan"]
[Result "1/2-1/2"]
[ECO "B53"]
[WhiteElo "2084"]
[BlackElo "2360"]
[Annotator "TA"]
[PlyCount "148"]
[EventDate "2022.06.05"]
[EventType "swiss"]
[EventRounds "9"]
[EventCountry "GER"]
[SourceTitle "playchess.com"]
[Source "ChessBase"]
[SourceQuality "1"]
[TimeControl "40/4500+30:900+30"]

1. e4 c5 2. Nf3 d6 3. d4 cxd4 4. Qxd4 Nf6 5. Nc3 Nc6 6. Bb5 Bd7 7. Bxc6 Bxc6 8. Bg5 e6 9. O-O-O Be7 10. Qd3 O-O 11. Nd4 Qa5 {[%emt 0:00:00] 11...Rc8 is more fashionable.} 12. f4 Rfc8 {[%emt 0:07:26][%cal Ob7b5] 12...Rfd8 is not played anymore.} 13. Kb1 {[%emt 0:06:13] B53: Sicilian: 2...d6: Lines with Qxd4.} Rab8 14. h4 b5 (14... h6 $142) 15. e5 $16 {[%emt 0:13:55] White is clearly better.} dxe5 16. fxe5 b4 17. exf6 bxc3 18. Nb3 (18. fxe7 Rxb2+ 19. Kc1 Rxa2 20. e8=Q+ Bxe8) 18... Rxb3 19. axb3 {[%emt 0:07:18] [#]} (19. cxb3 gxf6 20. Bc1 Be4 $1 21. Qxe4 c2+ 22. Ka1 cxd1=B 23. Rxd1 f5 $15) 19... cxb2 $146 ({Predecessor:} 19... Bb4 20. Bc1 Bd5 21. Qg3 g6 22. bxc3 Bxc3 23. Bb2 Bxb2 24. Kxb2 Be4 25. c4 Qb6 {1-0 (33) Strohhaeker,R (2391)-Bogner,S (2345) Neuhausen 2007}) 20. Kxb2 {[%emt 0:00:25] Really sharp!} Bb5 21. Qd4 ({White has to play} 21. Qg3 $1 $16 Bb4 22. c4 (22. Bd2 $2 Rxc2+ 23. Kxc2 Qa2+ 24. Kc1 Ba3#) 22... Qa3+ 23. Kb1) 21... Bc5 $11 22. Qe4 Bb4 $132 {[%emt 0:03:02][%mdl 2048] Against Bd2. ( -> ...Bc3+). Black is fighting back. A strong pair of Bishops.} 23. Rh3 {[%emt 0:01:30] aiming for Qe5.} (23. Kb1 Bc3) 23... Bc3+ 24. Rxc3 $1 Qxc3+ 25. Kb1 Bc6 26. Qe2 Bd5 {[%emt 0:03:33][%cal Od5b3] Threatens to win with ...Bxb3!} 27. Rd3 Qb4 28. Qd2 Qb6 (28... Qxd2 $11 29. Rxd2 a5) 29. fxg7 (29. Rc3 $1 $16 Ra8 30. Be3) 29... a5 $14 30. Rc3 Ra8 31. Qe3 Qxe3 32. Bxe3 Kxg7 {[%emt 0:00:54][%mdl 4096] Endgame KRB-KRB} 33. Bd4+ Kg6 34. Rg3+ Kf5 35. Rg7 Ke4 36. Bb2 f5 (36... Ke3 $11) 37. c4 Bc6 38. Rxh7 {[%emt 0:00:11] White is more active.} Kd3 39. Rg7 f4 40. h5 a4 41. bxa4 (41. h6 $1 $16 {[%cal Rh6h7] Black must now prevent h7.} Be4 42. Rd7+ Ke2+ 43. Kc1) 41... Rxa4 $11 42. h6 Kd2 (42... Be4 $11 43. Be5 Ke3+ 44. Kb2 Rxc4) 43. Be5 $16 {[%emt 0:01:06] Hoping for Kb2.} (43. Bc1+ Kc3 44. Bb2+ Kb3 $11) 43... Rxc4 ({Better is} 43... Rb4+ 44. Ka2 Kc2) 44. Kb2 $1 {[%emt 0:01:25] Strongly threatening h7.} (44. h7 $6 Be4+ 45. Kb2 Bxh7 $11) 44... Be4 45. Bxf4+ Ke2 (45... Kd3 $16 {was called for.} 46. g4 (46. h7 Bxh7 47. Rd7+ Ke2 $11) (46. Rd7+ Rd4 $16) 46... Ke2) 46. g4 $18 (46. h7 Bxh7 47. Be5 Be4 $11) 46... Kf3 47. Bd6 (47. h7 Bxh7 48. Be5 Rc5 $11) 47... Bd3 48. g5 {[%emt 0:00:54] And now g6 would win.} ({Weaker is} 48. h7 Bxh7 49. Rxh7 Rxg4 $11) 48... Rh4 49. Kc3 Bf5 {[%emt 0:00:44] [#]} 50. Be5 $1 Ke4 {[%emt 0:03:33] [#]} 51. Bf6 Kf3 52. Rb7 Bg6 53. Rb6 Bf5 54. Rb8 Bg6 55. Rf8 (55. Rg8 $18 Bf5 56. Rg7) 55... Kg3 $2 (55... Ke4 $16 {was worth a try.} 56. Ra8 Rh3+ 57. Kb4 Kf4) 56. Be7 $2 (56. Rg8 $18 {and the rest is easy.} Bf5 57. g6 Rxh6 58. Be5+ Kf3 59. g7) 56... Kg4 $2 (56... e5 $16) 57. Kd4 Rh5 58. Ke5 Rxg5+ 59. Bxg5 Kxg5 {[%emt 0:00:05] KR-KB} 60. Rg8 $2 ({Not} 60. Rh8 Bf5 61. Kd6 (61. h7 Kg6 $11) 61... Kh5 $16) (60. Rf1 {mates} Kxh6 61. Kf6 Kh5 62. Rh1+ Kg4 63. Kxg6 Kf4 64. Kf6 Ke4 65. Kxe6) 60... Kxh6 $11 61. Kf6 Bf5 62. Rh8+ Bh7 63. Kxe6 {[%emt 0:00:46] White wants to mate with Kf6.} Kg7 64. Rd8 Bg8+ 65. Kf5 Kh8 66. Rd7 Bh7+ 67. Kf6 Bg8 68. Rd8 Kh7 69. Rd2 Kh8 70. Kg6 {[%emt 0:00:11] White threatens Rh2+ and mate.} Bh7+ 71. Kf7 {[%emt 0:00:14] Threatening mate with Rd8+.} Bg8+ 72. Kf6 Bh7 73. Rd8+ Bg8 74. Rxg8+ Kxg8 {Black defended with fortune.  Weighted Error Value: White=0.45/Black=0.40} 1/2-1/2

[Event "GER-ch Youth-U16 2022"]
[Site "Willingen"]
[Date "2022.06.10"]
[Round "8.5"]
[White "Heinrich, John"]
[Black "Hommer, Jeremy"]
[Result "1/2-1/2"]
[ECO "B15"]
[WhiteElo "2011"]
[BlackElo "2152"]
[Annotator "TA"]
[PlyCount "61"]
[EventDate "2022.06.05"]
[EventType "swiss"]
[EventRounds "9"]
[EventCountry "GER"]
[SourceTitle "playchess.com"]
[Source "ChessBase"]
[SourceQuality "1"]
[TimeControl "40/4500+30:900+30"]

1. e4 c6 2. d4 d5 3. Nd2 dxe4 4. Nxe4 Nf6 5. Nxf6+ exf6 6. c3 Bd6 7. Bd3 O-O 8. Qc2 {[%emt 0:00:00] Active counter play!} c5 {[%emt 0:00:00] [#] B15: Caro-Kann: 3 Nc3: 3...g6 and 3...dxe4 4 Nxe4 Nf6 5 Nxf6+ exf6.} 9. Bxh7+ $146 ({Predecessor:} 9. Ne2 g6 10. Be3 Qc7 11. dxc5 Bxc5 12. Bxc5 Qxc5 13. O-O Nc6 14. Rad1 Ne5 15. Nd4 Bg4 16. Be2 {½-½ (185) Sevian,S (2660)-Van Foreest,J (2682) Chess.com INT 2020}) 9... Kh8 {[%emt 0:00:00] [#] Strongly threatening ...g6.} 10. dxc5 Bxc5 {[%emt 0:00:00][%cal Of6f5] Hoping for ...f5! White is slightly better.} 11. Ne2 ({Better is} 11. Be4 $14) 11... g6 $11 12. Bxg6 fxg6 13. Qxg6 {[%emt 0:00:21] aiming for Qh5+.} Qe8 14. Qh6+ Kg8 15. O-O Bf5 16. Be3 {[%emt 0:23:11] The board is on fire.} Na6 17. Nd4 Bxd4 18. Bxd4 Qg6 19. Qf4 Rae8 (19... Rf7 $5 ) 20. Rfe1 b6 21. a4 Qg5 22. Qf3 Nc5 23. Bxc5 bxc5 24. Qd5+ {[%emt 0:01:24] [#]} Be6 $1 25. Qxg5+ fxg5 26. Re5 Rf5 27. Rae1 {[%emt 0:00:30] Rxf5 is the strong threat.} Kf7 28. f3 Kf6 29. R5e4 Re7 30. h4 Rd5 31. hxg5+ {[%emt 0:01:11] Weighted Error Value: White=0.11 (very precise) /Black=0.07 (flawless)} 1/2-1/2

[Event "GER-ch Youth-U16 2022"]
[Site "Willingen"]
[Date "2022.06.10"]
[Round "8.6"]
[White "Stork, Christopher"]
[Black "Trushko, Andrii"]
[Result "0-1"]
[ECO "B12"]
[WhiteElo "1994"]
[BlackElo "1897"]
[Annotator "TA"]
[PlyCount "182"]
[EventDate "2022.06.05"]
[EventType "swiss"]
[EventRounds "9"]
[EventCountry "GER"]
[SourceTitle "playchess.com"]
[Source "ChessBase"]
[SourceQuality "1"]
[TimeControl "40/4500+30:900+30"]

1. e4 c6 2. d4 d5 3. e5 c5 4. dxc5 e6 5. a3 a5 (5... Bxc5 $11 6. Qg4 Ne7) 6. Nc3 $16 {[%emt 0:00:00] B12: Caro-Kann: Advance Variation.} (6. Bb5+ $6 Bd7 7. Nc3 Bxc5 $11) 6... Nd7 7. Bb5 {[%emt 0:00:00] [#]} Qc7 $146 ({Predecessor:} 7... Bxc5 8. Qg4 Ne7 9. Qxg7 Rg8 10. Qxh7 Rxg2 11. Nh3 Qc7 12. Kf1 Rg8 13. Bf4 Qb6 14. a4 Bd4 15. Rg1 Rxg1+ 16. Kxg1 Kd8 17. Qxf7 {1-0 (17) Mastrovasilis,D (2596)-Schubert,T (2320) Germany 2018}) 8. Nf3 {[%emt 0:00:00] White is better.} Bxc5 9. O-O Ne7 10. Bf4 O-O 11. Bg3 (11. Qe2 $14) 11... Rd8 (11... Nf5 $1 $11) 12. Bd3 $14 Nf8 13. Re1 Bd7 14. Qd2 Rab8 (14... Bc6 $11) 15. h4 $16 b5 16. h5 b4 17. Ne2 ({White should play} 17. axb4 $14 axb4 18. Ne2) 17... Bb5 18. Bxb5 Rxb5 19. Ned4 Rb6 20. h6 Nfg6 (20... bxa3 $11 21. hxg7 (21. bxa3 g6 $11) 21... axb2 22. gxf8=Q+ (22. gxf8=R+ Kxf8 23. Rab1 a4 $11) 22... Kxf8) 21. hxg7 {[%emt 0:02:51] Threatens to win with Qh6.} (21. axb4 {is more complex.} Bxb4 22. c3 Bc5 23. hxg7 Kxg7 24. Qg5) 21... Kxg7 22. axb4 ({But not} 22. Qg5 bxa3 23. bxa3 (23. Qf6+ Kg8 $15) 23... h6 $11) 22... axb4 (22... Bxb4 $14 23. c3 Bc5) 23. Bf4 ({White should try} 23. Qg5 $16) 23... Nxf4 $11 24. Qxf4 Ng6 25. Qf6+ Kg8 {[%emt 0:00:13] [#]} 26. Ra7 $1 Qxa7 27. Qxd8+ Bf8 28. g3 Rb8 29. Qg5 Rc8 {[%emt 0:00:56] Inhibits Nc6.} 30. Kg2 Rc4 31. c3 bxc3 32. bxc3 Qe7 (32... Rxc3 $2 33. Nb5 Qc5 34. Nxc3 Qxc3 35. Rc1 $18) 33. Qd2 Qc5 34. Rh1 (34. Nh2 $11) 34... Rxc3 $17 35. Qg5 Qb6 36. Ra1 Rc4 37. Qd2 Qb4 38. Qe3 Qc3 39. Qxc3 Rxc3 40. Ra8 Rc7 (40... Rc5 $17) 41. Nb5 $11 Rc6 42. Nfd4 $1 Rc4 43. Nf3 h5 (43... Rb4 $5 44. Nd6 Rb6 $11) 44. Nd6 Rc2 45. Nd4 Rb2 46. Nf3 Kg7 47. Ra7 Be7 48. Ne8+ {[%emt 0:00:00] [#] Pair of Knights!} (48. Nd4 $11 {keeps the balance.}) 48... Kf8 $1 $17 {[%emt 0:00:00] Black continues to play with concentration.} 49. Nf6 {[%emt 0:00:00] [#]} (49. Nd6 $17 {was called for.}) 49... Rxf2+ $3 $19 50. Kxf2 Bc5+ 51. Ke2 Bxa7 52. Nxh5 {[%emt 0:00:00][%mdl 4096] Endgame KBN-KNN} Bb8 53. Nf6 Kg7 ({Inferior is} 53... Nxe5 54. Nxe5 Bc7 {[#]} 55. Ke3 $1 $11) 54. Ng4 Ne7 55. Nh4 $2 (55. Nf6) 55... Nc6 56. Nf3 Kg6 57. Kd3 Ne7 58. Ke3 Bc7 59. Kf4 Nf5 (59... Kg7 $142 {White must now prevent ...Bb8.} 60. Ke3 Bb6+ 61. Ke2 Nf5) 60. Nf2 Bb6 61. Nd1 (61. Ng4 {is the only way for White.}) 61... Ne7 (61... Nd4 $142 {aiming for ...Nxf3.} 62. Nh4+ Kh5) 62. g4 $2 (62. Kg4) 62... Bc7 63. Ne3 (63. Nc3 $142 Kg7 64. Nb5 Ng6+ 65. Ke3 Bxe5 66. Nfd4) 63... f6 {[%emt 0:00:00][%cal Bf7f6,Bf6e5,Be5e4][%mdl 32] Strongly threatening ...fxe5+.} 64. g5 fxe5+ 65. Kg4 Nf5 66. Nf1 e4 67. Ne1 e5 68. Nc2 Ba5 69. Nfe3 Ne7 (69... Nxe3+ $142 70. Nxe3 d4) 70. Ng2 d4 {[%emt 0:00:00] ...Nf5 is the strong threat.} 71. Nf4+ Kf7 (71... exf4 $142 72. Kxf4 d3) 72. Ng2 Bd2 {[%emt 0:00:58] And now ...Ke6 would win.} 73. Na3 Ke6 74. Kg3 Bxg5 75. Kf2 Kd5 76. Nb5 Ng6 77. Nc7+ Kd6 78. Nb5+ Kc6 79. Na3 Kc5 80. Nb1 Kb4 81. Ke1 e3 82. Kd1 Kb3 83. Ne1 Kb2 84. Nf3 Bf4 85. Ke2 Kxb1 86. Kd3 Kc1 87. Ke2 Kc2 88. Ne1+ Kc3 89. Nd3 e4 90. Nc5 d3+ 91. Kd1 e2+ {[%emt 0:00:03] Weighted Error Value: White=0.25 (precise) /Black=0.17 (very precise)} 0-1

[Event "GER-ch Youth-U16 2022"]
[Site "Willingen"]
[Date "2022.06.10"]
[Round "8.7"]
[White "Bui, Bao Anh Le"]
[Black "Albert, Markus"]
[Result "1-0"]
[ECO "C55"]
[WhiteElo "2127"]
[BlackElo "2053"]
[Annotator "TA"]
[PlyCount "115"]
[EventDate "2022.06.05"]
[EventType "swiss"]
[EventRounds "9"]
[EventCountry "GER"]
[SourceTitle "playchess.com"]
[Source "ChessBase"]
[SourceQuality "1"]
[TimeControl "40/4500+30:900+30"]

1. e4 e5 2. Nf3 Nc6 3. Bc4 Nf6 4. d3 h6 5. c3 d6 6. Nbd2 g5 {[%emt 0:00:00] C55: Two Knights: 4 d3, 4 d4 exd4 5 e5 and Max Lange Attack.} 7. h4 ({White should try} 7. h3 $14) 7... g4 $11 8. Nh2 {[%emt 0:00:19][%cal Bf3h2,Bh2f1,Bf1e3][%mdl 32] [#]} Rg8 $146 {[%emt 0:02:22] The position is equal.} ({Predecessor:} 8... h5 9. Qb3 Qd7 10. Nhf1 Na5 11. Qc2 Nxc4 12. Nxc4 d5 13. Nce3 dxe4 14. dxe4 b6 {0-1 (66) Esipenko,A (2720)-Shirov,A (2652) Struga 2021}) 9. Nhf1 Nh5 10. g3 Nf6 11. Ne3 {[%emt 0:05:43] Prevents d5.} a6 12. a4 Be6 13. O-O d5 14. exd5 Nxd5 15. Ne4 Be7 {[%emt 0:04:36] [#]} 16. Bxd5 $1 Bxd5 17. Nf5 {[%emt 0:00:14] Pair of Knights!} (17. Nxd5 Qxd5 18. Nd2 (18. Bxh6 f5 $17) 18... O-O-O $17) 17... h5 {[%emt 0:03:25] Black is now going downhill.} (17... Qd7 $14 18. Nxe7 (18. Nxh6 Rg6 $17) 18... Qxe7) 18. Nxe7 $16 {[%emt 0:05:05] White is more active.} Qxe7 19. Bg5 Qe6 (19... Rxg5 $16 {was worth a try.} 20. hxg5 O-O-O) 20. Nf6+ $18 Kf8 21. Nxd5 ({Not} 21. Nxg8 Kxg8 22. b4 f6 $16) ({Avoid the trap} 21. Nxh5 $2 Rxg5 22. Nf6 {[#]} (22. hxg5 $2 {perishes.} Bf3 $19) 22... Qxf6 $1 $19) 21... Qxd5 22. f3 gxf3 23. Qxf3 Qxf3 24. Rxf3 Rxg5 $2 (24... Rh8 25. Re1 Re8) 25. hxg5 {[%emt 0:00:04][%mdl 4096] Endgame KRR-KRN} Kg7 26. Raf1 Rf8 27. Rf6 Ne7 28. Rh6 Nd5 29. Rf3 Rd8 30. Rxh5 Kg6 31. Rh4 Rd7 32. Re4 Re7 33. d4 {[%emt 0:01:08] White is clearly winning.} exd4 34. Rxe7 Nxe7 {[%emt 0:00:06] KR-KN} 35. Rf6+ Kg7 36. cxd4 Nd5 37. Rf5 c6 38. Kf2 {[%emt 0:00:36][%cal Of5d5] Hoping for Rxd5!} Kg6 39. g4 Nc7 40. Rf6+ Kg7 41. Kf3 Ne8 42. Rh6 Kg8 43. Ke4 Kg7 44. Ke5 a5 45. b3 Nc7 {[%emt 0:00:00] Inhibits d5.} 46. Rd6 {[%emt 0:00:00][%cal Og5g6] Strongly threatening g6!} Na6 47. Rd7 {[%emt 0:00:00] Threatening mate with Kf5.} b5 48. axb5 cxb5 49. Ra7 Nb4 50. d5 a4 51. bxa4 bxa4 52. Rxa4 Nd3+ 53. Kf5 Nc5 54. Ra7 Kf8 55. d6 Ke8 56. Rc7 Ne6 57. Re7+ Kf8 58. Rxe6 {[%emt 0:00:00] Weighted Error Value: White=0.12 (very precise) /Black=0.45} 1-0

[Event "GER-ch Youth-U16 2022"]
[Site "Willingen"]
[Date "2022.06.10"]
[Round "8.8"]
[White "Jaskulski, Jan"]
[Black "Metzdorf, Matteo"]
[Result "1/2-1/2"]
[ECO "B42"]
[WhiteElo "1727"]
[BlackElo "2009"]
[Annotator "TA"]
[PlyCount "77"]
[EventDate "2022.06.05"]
[EventType "swiss"]
[EventRounds "9"]
[EventCountry "GER"]
[SourceTitle "playchess.com"]
[Source "ChessBase"]
[SourceQuality "1"]
[TimeControl "40/4500+30:900+30"]

1. e4 c5 2. Nf3 e6 3. d4 cxd4 4. Nxd4 a6 5. Bd3 Nf6 6. O-O Qc7 7. Qe2 d6 8. f4 Nbd7 9. c4 Be7 10. Nc3 b6 11. Nf3 {[%emt 0:13:36] [#] White is more active. B42: Sicilian: Kan Variation: 5 Bd3.} g6 $146 ({Predecessor:} 11... Bb7 12. e5 dxe5 13. fxe5 Ng4 14. Be4 Rc8 15. Bxb7 Qxb7 16. h3 Bc5+ 17. Kh1 h5 18. Bf4 Nf2+ 19. Rxf2 Bxf2 20. Qxf2 Rxc4 {1-0 (37) Vallejo Pons,F (2711)-Soskov,V (2281) Tallinn 2016}) 12. b3 O-O 13. Bb2 {[%emt 0:02:31] White is slightly better.} Bb7 14. Rae1 Rad8 15. Kh1 Rfe8 16. Bb1 (16. Ng5 {is interesting.} Nh5 17. Qe3 Qc5 18. Qd2) 16... Qb8 17. Qf2 Rf8 {[%emt 0:06:50] [#]} ({Black should try} 17... Bf8 $14) 18. Qh4 $1 $16 Rfe8 19. Ng5 Nh5 20. Qg4 (20. g4 $18 Nhf6 21. f5 exf5 22. Nd5 (22. gxf5 Nh5 $16) 22... Bxd5 23. cxd5) 20... Ndf6 {[%emt 0:01:43] [#]} (20... Bf6 $14) 21. Qh3 $1 $18 {[%emt 0:00:37] Strongly threatening f5.} e5 (21... d5 {was worth a try.}) 22. fxe5 $2 (22. f5 $18) 22... dxe5 $14 23. Qe3 (23. Qf3 $5 ) 23... Bc5 (23... b5 $5 ) 24. Qh3 ({Better is} 24. Qf3 $14) 24... Bc8 25. Qh4 {[%emt 0:00:16] Nd5 is the strong threat.} Be7 (25... h6 $15 {keeps the upper hand.} 26. Nf3 Be7) 26. Nd5 $16 Nxd5 ({Black should play} 26... Qd6 $1 $14) 27. exd5 $18 ({Inferior is} 27. cxd5 h6 28. Qf2 Bxg5 $11) 27... h6 28. Qf2 f6 (28... f5) 29. Bxg6 Nf4 30. Bxe8 hxg5 31. Bc6 Nd3 $2 {[%emt 0:00:07] [#]} (31... Kg7 32. Qf3 Qd6) 32. Qc2 $1 Nxe1 (32... Bf5 33. Re3) 33. Qg6+ {[%emt 0:00:11][%mdl 64] Zwischenzug} ({Weaker is} 33. Rxe1 Kg7 34. Bd4 Bb4 $16) 33... Kh8 34. Qh6+ Kg8 35. Qg6+ Kh8 36. Rxe1 (36. Rxf6 $142 Bxf6 37. Qxf6+ Kh7 38. Qe7+ Kg6 39. Qxd8) 36... Qd6 37. Qh6+ Kg8 38. Qg6+ (38. c5 $142 bxc5 39. Qg6+ Kh8 40. h4) 38... Kh8 39. Qh6+ $2 {[%emt 0:00:51] Weighted Error Value: White=0.99/Black=0.72} (39. Be8 $18 Bf5 40. Qxf5 Rxe8 41. Qg6) 1/2-1/2